 Dungeon Crawl Stone Soup version 0.21.1-1-g345015f (webtiles) character file.

181707 wojtek the Severer (level 17, -11/156 HPs)
             Began as a Minotaur Fighter on July 20, 2018.
             Was a High Priest of Okawaru.
             Blown up by an orb spider (33 damage)
             ... with a wavering orb of destruction
             ... on level 1 of the Spider Nest on July 21, 2018.
             The game lasted 00:51:50 (29604 turns).

wojtek the Severer (Minotaur Fighter)              Turns: 29604, Time: 00:51:51

Health: -11/156    AC: 34    Str: 36    XL:     17   Next: 34%
Magic:  23/23      EV: 14    Int:  5    God:    Okawaru [*****.]
Gold:   1411       SH: 28    Dex: 12    Spells: 16/16 levels left

rFire    + . .     SeeInvis .   a - +8 broad axe (freeze)
rCold    . . .     Gourm    .   X - +0 large shield
rNeg     . . .     Faith    .   q - +3 plate armour {rF+}
rPois    +         Spirit   .   Z - +0 hat of Dawn {Str+4}
rElec    .         Reflect  +   D - +2 cloak {rPois}
rCorr    .         Harm     .   P - +2 pair of gloves {Str+3}
MR       +....                  R - +2 pair of boots
Stlth    ..........             S - +5 amulet of reflection
HPRegen  0.36/turn              s - +3 ring of strength
MPRegen  0.18/turn              c - +4 ring of protection

@: no status effects
A: retaliatory headbutt, horns 2
}: 1/15 runes: decaying
a: Heroism, Finesse, Renounce Religion


You were on level 1 of the Spider Nest.
You worshipped Okawaru.
Okawaru was extremely pleased with you.
You were not hungry.

You visited 5 branches of the dungeon, and saw 28 of its levels.
You also visited: Sewer, Ossuary and Ice Cave.

You collected 2334 gold pieces.
You spent 923 gold pieces at shops.

Inventory:

Hand Weapons
 a - a +8 broad axe of freezing (weapon)
 b - a +2 hand axe of flaming
Missiles
 A - 2 javelins of returning (quivered)
Armour
 g - a +2 cloak of invisibility
 q - a +3 plate armour of fire resistance (worn)
 D - a +2 cloak of poison resistance (worn)
 P - a +2 pair of gloves of strength (worn)
 R - a +2 pair of boots (worn)
 X - a +0 large shield (worn)
 Z - the +0 hat of Dawn (worn) {Str+4}
   (Okawaru gifted it to you on level 6 of the Lair of Beasts)

   It affects your strength (+4).
Jewellery
 c - a +4 ring of protection (right hand)
 s - a +3 ring of strength (left hand)
 v - a +2 ring of protection
 B - an uncursed ring of protection from cold {unknown}
 S - a +5 amulet of reflection (around neck)
 U - an uncursed ring of ice
 W - an uncursed ring of see invisible
Wands
 u - a wand of digging (2)
 E - a wand of clouds (6)
 G - a wand of paralysis (20)
 J - a wand of iceblast (22)
 N - a wand of flame (119)
 Q - a wand of disintegration (31)
Scrolls
 e - 4 scrolls of blinking
 j - 4 scrolls of fear
 k - 2 scrolls of holy word
 m - 9 scrolls of teleportation
 n - 2 scrolls of magic mapping
 r - 17 scrolls of remove curse {unknown}
 y - 3 scrolls of fog
 C - 6 scrolls of immolation
Potions
 d - 6 potions of might
 h - 3 potions of agility {unknown}
 i - 9 potions of curing
 p - 2 potions of resistance
 t - a potion of magic {unknown}
 w - 2 potions of mutation {unknown}
 x - a potion of berserk rage {unknown}
 z - 2 potions of heal wounds
 F - 9 potions of flight {unknown}
 I - 4 potions of haste
Miscellaneous
 o - a phial of floods
Comestibles
 f - 43 rations
 l - a chunk of flesh


   Skills:
 + Level 15.1 Fighting
 + Level 15.6 Axes
 + Level 15.0 Armour
 + Level 13.6 Dodging
 + Level 15.0 Shields
 - Level 10.0 Invocations
 - Level 8.2 Evocations


You had 16 spell levels left.
You didn't know any spells.

Dungeon Overview and Level Annotations

Branches:
Dungeon (15/15)            Temple (0/1) D:5            Lair (6/6) D:8
  Swamp (4/4) Lair:3       Spider (1/4) Lair:3        Slime (0/5) Lair:6
    Orc (2/2) D:11            Elf (0/3) Orc:2        Vaults (0/5) D:13
 Depths: D:15

Altars:
Cheibriados
Dithmenos
Elyvilon
Hepliaklqana
Okawaru
Qazlal
Sif Muna
Trog
Uskayaw
Xom
Zin
The Shining One
Jiyva

Shops:
Orc:2 ?:[**

Annotations:
D:15 Kirke
Lair:3 exclusion: oklob plant


Innate Abilities, Weirdness & Mutations

You reflexively headbutt those who attack you in melee.
You have a pair of horns on your head.


Message History

Found 25 gold pieces.
An orb of destruction comes into view.
The orb of destruction reflects off an invisible shield around you!
You slash the orb spider! You freeze the orb spider.
The orb spider is heavily wounded.
The orb spider pulsates with a strange energy.
Your plate armour prevents you from hitting the orb spider.
You headbutt the orb spider!
The orb spider is severely wounded.
Your shield prevents you from hitting the orb spider.
You headbutt the orb spider!
The orb spider is almost dead.
The orb spider weaves a glowing orb of energy.
An orb of destruction comes into view.
Found a stone staircase leading down.
You slash the orb spider! You freeze the orb spider.
You kill the orb spider!
Okawaru accepts your kill.
The wavering orb of destruction hits you!
You die...

. #..†............
#.>....##..............
#....#.......#.#.......
#......#.....†...#§....
#..........#......%.... ≈
#..........^..#$.......
#.##..................#.%
......$...§§#....†.......
........@§.§...#.†††....#
............§....†††.....
...........>.....§............
...........^#.....§....#.†.....
................§§../####......
#............*§§##.#..#####....
#....^...#.......######≈##.....
............^.....# #≈≈≈#(...
#.............#.## ##≈≈≈...≈


There were no monsters in sight!

Vanquished Creatures
  the Lernaean hydra (Swamp:4)
  A tentacled monstrosity (Swamp:2)
  3 thorn hunters
  Louise (Swamp:1)
  An orc warlord (Orc:1)
  Aizul (Swamp:1)
  The ghost of nicolaieve the Severer, a journeyman MiBe of Trog (Lair:4)
  An entropy weaver (Spider:1)
  Snorg (Lair:4)
  5 vault guards (D:13)
  4 ogre magi (Orc:2)
  16 hydras
  3 ghost crabs
  18 two-headed ogres
  The ghost of poirepourri the Cleaver, a novice DDFi of Makhleb (D:10)
  2 centaur warriors
  A merfolk avatar (Lair:6)
  7 alligators
  8 death yaks (Lair:6)
  A death knight (D:13)
  An orc high priest (Orc:2)
  Nergalle (D:11)
  6 spriggans
  An unseen horror (D:12)
  2 spriggan druids (Swamp:4)
  A sea snake (Lair:6)
  10 swamp dragons
  2 wizards
  A shambling mangrove (Swamp:2)
  A necromancer (IceCv)
  Pikel (D:8)
  3 orb spiders (Spider:1)
  2 orc knights
  2 ugly things (D:13)
  2 orc sorcerers
  3 deep elf magi
  6 wolf spiders (Spider:1)
  3 cyclopes
  5 manticores
  Maurice (D:7)
  10 elephants
  3 ice statues (IceCv)
  A molten gargoyle (Lair:4)
  2 gargoyles
  6 centaur skeletons
  3 black mambas
  A torpor snail (Lair:6)
  12 spiny frogs
  6 komodo dragons
  A rime drake (Lair:6)
  4 demonic crawlers (Spider:1)
  A kobold demonologist (D:14)
  9 ice devils (IceCv)
  3 meliai (Lair:4)
  A queen bee (Lair:4)
  5 trolls
  A tyrant leech (Swamp:3)
  4 polar bears
  6 jumping spiders (Spider:1)
  4 slime creatures (D:13)
  2 wind drakes (Lair:6)
  13 hornets
  7 hippogriffs
  5 bog bodies
  9 blink frogs
  2 dream sheep (D:9)
  Sigmund (D:6)
  2 shadows
  A tarantella (Spider:1)
  10 redbacks (Spider:1)
  A wraith (D:14)
  2 hogs (D:14)
  A steam dragon (Lair:4)
  Eustachio (D:5)
  3 wyverns
  48 yaks
  5 basilisks
  13 vampire mosquitoes
  A hungry ghost (D:11)
  3 wargs
  2 soldier ants (D:13)
  5 insubstantial wisps (Swamp:3)
  12 swamp worms
  An acid dragon (D:12)
  6 water moccasins
  5 sky beasts
  4 porcupines
  17 orc warriors
  A hornet zombie (D:15)
  4 ice beasts
  A black bear (Lair:1)
  An eye of draining (D:9)
  A phantom (D:10)
  32 ogres
  14 swamp drakes
  4 slaves (D:8)
  2 necrophages
  2 centaurs
  13 crocodiles
  5 big kobolds
  17 bullfrogs
  A wyvern zombie (Ossuary)
  2 wyvern skeletons
  7 scorpions
  24 killer bees
  9 wights
  An electric eel (D:15)
  4 howler monkeys
  5 crimson imps
  5 bullfrog zombies
  2 draconian simulacra (IceCv)
  3 centaur zombies
  4 hounds
  9 orc priests
  A gnoll shaman (D:7)
  5 jellies
  8 orc wizards
  3 bullfrog skeletons
  12 mummies (Ossuary)
  8 iguanas
  5 worker ants
  2 troll simulacra (IceCv)
  4 centaur simulacra (IceCv)
  A worker ant zombie (Ossuary)
  A howler monkey zombie (Ossuary)
  8 gnolls
  8 adders
  2 naga simulacra (IceCv)
  A shadow imp (D:12)
  2 adder zombies (Ossuary)
  4 worms
  2 dart slugs
  5 leopard geckos
  89 orcs
  5 giant cockroaches
  4 goblins
  7 hobgoblins
  8 jackals
  13 kobolds
  5 quokkas
  A ball python (D:2)
  13 bats
  9 frilled lizards
  2 leopard gecko zombies (Ossuary)
  A quokka skeleton (D:5)
  3 quokka zombies (Ossuary)
  7 rats
  3 briar patches (Swamp:4)
  5 fungi
  2 plants
828 creatures vanquished.

Vanquished Creatures (others)
  A spriggan (Swamp:4)
  A cyclops (Orc:2)
  A yaktaur (D:13)
  2 hornets (Swamp:4)
  A jumping spider (Spider:1)
  2 orc warriors
  4 fungi (Lair:6)
  12 plants
  2 withered plants (Ossuary)
26 creatures vanquished.

Grand Total: 854 creatures vanquished

Notes
Turn   | Place    | Note
-------+----------+-------------------------------------------
     0 | D:1      | wojtek the Minotaur Fighter began the quest for the Orb.
     0 | D:1      | Reached XP level 1. HP: 19/19 MP: 0/0
   215 | D:1      | Reached XP level 2. HP: 22/26 MP: 1/1
   728 | D:2      | Reached XP level 3. HP: 25/31 MP: 2/2
  1074 | D:3      | Reached skill level 5 in Axes
  1158 | D:3      | Reached XP level 4. HP: 23/39 MP: 3/3
  1384 | D:3      | Found an iron altar of Okawaru.
  1387 | D:3      | Found a bloodstained altar of Trog.
  1390 | D:3      | Found a glowing silver altar of Zin.
  1393 | D:3      | Found a shimmering altar of Xom.
  1399 | D:3      | Became a worshipper of Warmaster Okawaru
  1812 | D:4      | Found a sand-covered staircase.
  1820 | Ossuary  | Entered an ossuary
  1831 | Ossuary  | Reached skill level 1 in Invocations
  1832 | Ossuary  | Reached XP level 5. HP: 44/45 MP: 3/5
  1929 | Ossuary  | Reached * piety under Okawaru
  1929 | Ossuary  | Reached skill level 1 in Dodging
  1939 | Ossuary  | Reached XP level 6. HP: 41/52 MP: 6/6
  2427 | Ossuary  | Reached XP level 7. HP: 57/60 MP: 8/8
  2855 | D:4      | Reached ** piety under Okawaru
  3780 | D:5      | Entered Level 5 of the Dungeon
  3949 | D:5      | Noticed Eustachio
  3962 | D:5      | Reached skill level 5 in Armour
  3965 | D:5      | Killed Eustachio
  3965 | D:5      | Reached skill level 5 in Fighting
  3965 | D:5      | Reached skill level 5 in Shields
  4079 | D:5      | Reached XP level 8. HP: 63/68 MP: 9/9
  4316 | D:5      | Found a staircase to the Ecumenical Temple.
  4319 | D:5      | Found a glowing golden altar of the Shining One.
  4658 | D:6      | You fall through a shaft for 2 floors!
  4774 | D:6      | Found a glowing drain.
  4778 | Sewer    | Entered a sewer
  5052 | D:6      | Reached *** piety under Okawaru
  5075 | D:6      | Noticed Sigmund
  5092 | D:6      | Killed Sigmund
  5259 | D:6      | Found a shadowy altar of Dithmenos.
  5321 | D:6      | Found a snail-covered altar of Cheibriados.
  5763 | D:7      | Found a stormy altar of Qazlal.
  6117 | D:7      | Reached XP level 9. HP: 75/77 MP: 11/11
  6292 | D:8      | Noticed Maurice
  6306 | D:7      | Killed Maurice
  6306 | D:7      | Reached **** piety under Okawaru
  6306 | D:7      | Reached skill level 5 in Invocations
  6371 | D:8      | Reached skill level 5 in Dodging
  6530 | D:8      | Noticed Pikel
  6534 | D:8      | Reached skill level 1 in Evocations
  6544 | D:8      | Killed Pikel
  6830 | D:8      | Found a staircase to the Lair.
  6835 | D:8      | Reached ***** piety under Okawaru
  6835 | D:8      | Reached XP level 10. HP: 41/86 MP: 13/13
  7813 | D:9      | Noticed a two-headed ogre
  7822 | D:9      | Killed a two-headed ogre
  7973 | D:9      | Received a gift from Okawaru
  8014 | D:9      | Noticed a three-headed hydra
  8021 | D:9      | Killed a one-headed hydra
  8021 | D:9      | Reached XP level 11. HP: 88/95 MP: 14/14
  8934 | D:10     | Entered Level 10 of the Dungeon
  8948 | D:10     | Reached skill level 5 in Evocations
  9099 | D:10     | Noticed poirepourri's ghost (novice DDFi)
  9130 | D:10     | Killed poirepourri's ghost
  9209 | D:10     | Found a hazy altar of Hepliaklqana.
  9639 | Lair:1   | Entered Level 1 of the Lair of Beasts
  9658 | Lair:1   | Reached skill level 10 in Axes
  9736 | Lair:1   | Reached ****** piety under Okawaru
 10376 | Lair:1   | Reached XP level 12. HP: 106/106 MP: 16/16
 10377 | Lair:1   | Reached skill level 10 in Fighting
 10377 | Lair:1   | Reached skill level 10 in Armour
 10377 | Lair:1   | Reached skill level 10 in Shields
 10377 | Lair:1   | Reached XP level 13. HP: 114/114 MP: 16/18
 11174 | Lair:3   | Received a gift from Okawaru
 11441 | Lair:3   | Found a staircase to the Swamp.
 11514 | Lair:3   | Found a hole to the Spider Nest.
 11555 | Lair:3   | Reached XP level 14. HP: 122/122 MP: 19/19
 12253 | Lair:4   | Found a white marble altar of Elyvilon.
 12364 | Lair:4   | Received a gift from Okawaru
 12563 | Lair:4   | Noticed nicolaieve's ghost (journeyman MiBe)
 12805 | Lair:4   | Killed nicolaieve's ghost
 13353 | Lair:4   | Noticed Snorg
 13361 | Lair:4   | Killed Snorg
 14343 | Lair:6   | Entered Level 6 of the Lair of Beasts
 14489 | Lair:6   | Reached skill level 10 in Dodging
 15283 | Lair:6   | Received a gift from Okawaru
 15291 | Lair:6   | Got a transparent hat {god gift}
 15297 | Lair:6   | Identified the +0 hat of Dawn {Str+4} (Okawaru gifted it to you on level 6 of the Lair of Beasts)
 15429 | Lair:6   | Found a viscous altar of Jiyva.
 15429 | Lair:6   | Found a staircase to the Slime Pits.
 15772 | Lair:6   | HP: 3/125 [drowned by a drowned soul[a merfolk avatar] (11)]
 16545 | D:11     | Noticed Nergalle
 16560 | D:11     | Killed Nergalle
 16560 | D:11     | Reached skill level 10 in Invocations
 16977 | D:11     | Found a staircase to the Orcish Mines.
 17962 | D:12     | Reached XP level 15. HP: 122/132 MP: 21/21
 18319 | D:13     | Found a frozen archway.
 18339 | IceCv    | Entered an ice cave
 19535 | D:13     | Received a gift from Okawaru
 19694 | D:13     | Found a hide-covered altar of Uskayaw.
 20745 | D:13     | Found a gate to the Vaults.
 20874 | D:14     | Received a gift from Okawaru
 21541 | D:15     | Entered Level 15 of the Dungeon
 21622 | D:15     | Found a deep blue altar of Sif Muna.
 21802 | D:15     | Noticed Kirke
 22099 | Swamp:1  | Entered Level 1 of the Swamp
 22295 | Swamp:1  | Noticed Louise
 22315 | Swamp:1  | Killed Louise
 22824 | Swamp:1  | Noticed Aizul
 22849 | Swamp:1  | Killed Aizul
 23873 | Orc:1    | Entered Level 1 of the Orcish Mines
 23913 | Orc:1    | Noticed an orc warlord
 23929 | Orc:1    | Killed an orc warlord
 24112 | Orc:2    | Entered Level 2 of the Orcish Mines
 24215 | Orc:2    | Reached XP level 16. HP: 144/144 MP: 22/22
 24229 | Orc:2    | Found a staircase to the Elven Halls.
 24237 | Orc:2    | Found Hutaqiss's General Store.
 24521 | Orc:2    | Received a gift from Okawaru
 24832 | Orc:2    | Found Xuqil's Book Shop.
 24832 | Orc:2    | Found Vineqeil's Magic Scroll Emporium.
 24833 | Orc:2    | Found Ujittid's Assorted Antiques.
 24833 | Orc:2    | Found Nehiudor's Antique Armour Shop.
 24841 | Orc:2    | Bought a scroll of magic mapping for 52 gold pieces
 24841 | Orc:2    | Bought a scroll of acquirement for 780 gold pieces
 24843 | Orc:2    | Bought a scroll labeled LEHYACRYAVVE for 25 gold pieces
 24843 | Orc:2    | Bought a viscous silvery potion for 22 gold pieces
 24843 | Orc:2    | Bought a fizzy ruby potion for 22 gold pieces
 24843 | Orc:2    | Bought a grey potion for 22 gold pieces
 25073 | Orc:2    | Got a crude pewter amulet
 25074 | Orc:2    | Identified the amulet "Ufijed" {Harm *Drain rC+ Dex+4 Stlth+} (You acquired it on level 2 of the Orcish Mines)
 25081 | Orc:2    | Got a twisted hat
 25092 | Orc:2    | Identified the -1 hat of Spite {Str+3} (You acquired it on level 2 of the Orcish Mines)
 25649 | Swamp:2  | Noticed a tentacled monstrosity
 25675 | Swamp:2  | Killed a tentacled monstrosity
 26076 | Swamp:2  | Noticed a thorn hunter
 26085 | Swamp:2  | Killed a thorn hunter
 26716 | Swamp:3  | Found a stormy altar of Qazlal.
 26871 | Swamp:3  | Received a gift from Okawaru
 27339 | Swamp:4  | Entered Level 4 of the Swamp
 27523 | Swamp:4  | Noticed a thorn hunter
 27532 | Swamp:4  | Killed a thorn hunter
 27546 | Swamp:4  | Reached skill level 15 in Axes
 27995 | Swamp:4  | Noticed a thorn hunter
 28002 | Swamp:4  | Noticed the 27-headed Lernaean hydra
 28346 | Swamp:4  | Killed the 24-headed Lernaean hydra
 28346 | Swamp:4  | Reached XP level 17. HP: 54/154 MP: 15/23
 28371 | Swamp:4  | Received a gift from Okawaru
 28885 | Swamp:4  | Got a decaying rune of Zot
 29389 | Spider:1 | Entered Level 1 of the Spider Nest
 29410 | Spider:1 | Reached skill level 15 in Fighting
 29510 | Spider:1 | Reached skill level 15 in Armour
 29510 | Spider:1 | Reached skill level 15 in Shields
 29577 | Spider:1 | HP: 6/156 [wolf spider (12)]
 29604 | Spider:1 | Blown up by an orb spider

Skill      XL: |  1  2  3  4  5  6  7  8  9 10 11 12 13 14 15 16 17 |
---------------+----------------------------------------------------+-----
Axes           | 3 4 5 6 7 8 9 10 11 12 14 15 | 15.6
Invocations    | 1 2 3 4 5 6 7 8 10 | 10.0
Armour         | 4 5 6 7 8 9 10 12 13 14 15 | 15.0
Dodging        | 1 2 3 4 5 6 8 9 10 12 13 | 13.6
Shields        | 4 5 6 7 8 9 10 12 13 14 15 | 15.0
Fighting       | 4 5 6 7 8 9 10 12 13 14 15 | 15.1
Evocations     | 2 4 7 8 |  8.2

Action                   |  1- 3 |  4- 6 |  7- 9 | 10-12 | 13-15 | 16-18 || total
-------------------------+-------+-------+-------+-------+-------+-------++-------
Melee: War axe           |    88 |   115 |   230 |   318 |   759 |       ||  1510
       Headbutt          |    12 |    23 |    45 |    78 |   332 |   136 ||   626
       Hand axe          |       |       |       |     4 |    23 |    62 ||    89
       Broad axe         |       |       |       |       |   309 |   419 ||   728
Invok: Heroism           |       |       |       |     1 |    10 |     4 ||    15
       Finesse           |       |       |       |     1 |     6 |     4 ||    11
Evoke: Wand              |       |       |       |       |     3 |    17 ||    20
  Use: Scroll            |       |       |       |     6 |    17 |     8 ||    31
       Potion            |       |       |       |     2 |     2 |     4 ||     8
 Stab: Confused          |       |       |       |       |       |     1 ||     1
  Eat: Chunk             |     1 |     3 |    12 |    10 |    33 |     8 ||    67
       Ration            |       |       |     1 |       |     4 |     4 ||     9
Armor: Scale mail        |    41 |    25 |    72 |     1 |       |       ||   139
       Plate armour      |       |       |       |   119 |   318 |   315 ||   752
Dodge: Dodged            |    25 |    23 |    90 |    77 |   258 |   241 ||   714
Block: Shield            |    43 |    44 |   119 |   169 |   657 |       ||  1032
       Reflection        |       |       |       |       |    22 |    17 ||    39
       Large shield      |       |       |       |       |   232 |   692 ||   924
